AoeStats
← Patience

Four Lakes

509174228Analyzed
1v1 RM · 5d ago on Sep 25, 2026· 56m 10s· 2 players
Game mode
Random Map
Map size
Tiny (2 player)
Population
200
Speed
Normal
Resources
Standard
Victory
Conquest
Starting age
Dark Age
Ending age
Imperial Age
RankedLock teamsTeams togetherTeam positionsShared explorationLock speedFull tech treeHidden civsTurbo modeCheats
Victory
Defeat
🇺🇸 Varangians · United States
895
+12
🇺🇸 Saxons · United States
799
-12
Dxlphxn
5:14 Loom
10:16 Feudal Age
11:00 Double-Bit Axe
11:28 Fishing Lines
13:30 Wheelbarrow
18:02 Castle Age
18:42 Fletching
18:54 Gillnets
20:19 Bow Saw
20:48 Bodkin Arrow
22:16 Padded Archer Armor
25:03 Leather Archer Armor
26:56 Ballistics
27:16 Hand Cart
27:08 Husbandry
27:19 Bloodlines
28:41 Gold Mining
28:44 Stone Mining
29:38 Town Watch
32:40 Masonry
37:11 Treadmill Crane
40:50 Imperial Age
38:25 Horse Collar
39:12 Town Patrol
39:34 Murder Holes
40:38 Stone Shaft Mining
41:08 Heavy Mounted Crossbowman
41:08 Cranequins
41:53 Bracer
42:23 Ring Archer Armor
43:34 Two-Man Saw
43:30 Conscription
43:39 Heavy Plow
45:27 Chemistry
44:59 Architecture
44:35 Siege Engineers
48:34 Scale Barding Armor
48:44 Forging
48:52 Cavalier
48:57 Elite Jarl
48:58 Vendel Legacy
49:54 Light Cavalry
52:02 Chain Barding Armor
52:17 Iron Casting
Patience
10:07 Loom
11:56 Feudal Age
10:13 Loom
14:37 Man-at-Arms
22:57 Castle Age
23:07 Fletching
23:19 Scale Mail Armor
23:31 Forging
24:57 Pikeman
28:57 Chain Mail Armor
29:23 Iron Casting
30:51 Guard Tower
31:22 Squires
32:12 Double-Bit Axe
35:05 Horse Collar
38:51 Imperial Age
39:02 Elite Varangian Guard
43:42 Plate Mail Armor
52:24 Elite Skirmisher
Connection lost

Rejoining the realm…

Still unreachable

The connection could not be restored.

Session expired

The server has moved on; the page needs a fresh start.